| TOP OF THE 1ST |
|
Boston Red Sox batting - Pitching for Texas Rangers : RHP Kevin Ovens-Toots
|
|
Pitching: RHP Kevin Ovens-Toots
|
|
|
Batting: RHB Alois Wollf
|
0-0: Called Strike 0-1: Ball 1-1: Called Strike 1-2: SINGLE (Groundball, P, EV 85.6 MPH) (infield hit)
|
|
Batting: LHB Kevin McCormic Jr.
|
0-0: Grounds into double play, 6-4-3 (Groundball, 56, EV 81.9 MPH)
|
|
Batting: LHB Sakae Kasahara
|
0-0: Ball 1-0: Swinging Strike 1-1: Foul Ball, location: 2F 1-2: Ball 2-2: Ball 3-2: Strikes out swinging
|
| Top of the 1st over - 0 runs, 1 hit, 0 errors, 0 left on base; Boston 0 - Texas 0 |
| BOTTOM OF THE 1ST |
|
Texas Rangers batting - Pitching for Boston Red Sox : RHP J.J. Dean
|
|
Pitching: RHP J.J. Dean
|
|
|
Batting: LHB Sean Geisler
|
0-0: Swinging Strike 0-1: Called Strike 0-2: Ball 1-2: Ball 2-2: Ball 3-2: Base on Balls
|
|
Batting: RHB Butch Kaiser
|
0-0: Ball 1-0: Fly out, F9 (Line Drive, 9, EV 94.4 MPH)
|
|
Batting: SHB John Giesbrecht
|
0-0: Called Strike 0-1: Ball 1-1: Foul Ball, location: 2F 1-2: Ball 2-2: Fly out, F8 (Flyball, 8RXD, EV 86.9 MPH)
|
|
Batting: SHB Vince Ealy
|
0-0: Called Strike 0-1: Called Strike Sean Geisler steals 2nd base 0-2: Strikes out swinging
|
| Bottom of the 1st over - 0 runs, 0 hits, 0 errors, 1 left on base; Boston 0 - Texas 0 |
| TOP OF THE 2ND |
|
Boston Red Sox batting - Pitching for Texas Rangers : RHP Kevin Ovens-Toots
|
|
Batting: LHB Jarrett Mordecai
|
0-0: Ball 1-0: Foul Ball, location: 2F 1-1: Foul Ball, location: 2F 1-2: Ball 2-2: Ground out 4-3 (Groundball, 4M, EV 103.1 MPH)
|
|
Batting: RHB Elijah Campbell
|
0-0: Ball 1-0: Ground out 5-3 (Groundball, 5S, EV 80.6 MPH)
|
|
Batting: RHB Jose Diaz
|
0-0: Foul Ball, location: 2F 0-1: Called Strike 0-2: Ball 1-2: Fly out, F6 (Line Drive, 4MD, EV 67.5 MPH)
|
| Top of the 2nd over - 0 runs, 0 hits, 0 errors, 0 left on base; Boston 0 - Texas 0 |
| BOTTOM OF THE 2ND |
|
Texas Rangers batting - Pitching for Boston Red Sox : RHP J.J. Dean
|
|
Batting: RHB Marc Peckermark
|
0-0: Foul Ball, location: 2F 0-1: Ground out 5-3 (Groundball, 56, EV 103.8 MPH)
|
|
Batting: SHB Rich Chavez
|
0-0: Called Strike 0-1: Ball 1-1: Foul Ball, location: 2F 1-2: Fly out, F8 (Line Drive, 8LM, EV 106.2 MPH)
|
|
Batting: RHB Zhao-ji Chi
|
0-0: Ball 1-0: Called Strike 1-1: Ball 2-1: Ball 3-1: Base on Balls
|
|
Batting: RHB Adryão Anto
|
Balk! Zhao-ji Chi to second 0-0: Ball 1-0: Ball 2-0: Foul Ball, location: 2F 2-1: Called Strike 2-2: Ground out 3-1 (Groundball, 34S, EV 76.9 MPH)
|
| Bottom of the 2nd over - 0 runs, 0 hits, 0 errors, 1 left on base; Boston 0 - Texas 0 |
| TOP OF THE 3RD |
|
Boston Red Sox batting - Pitching for Texas Rangers : RHP Kevin Ovens-Toots
|
|
Batting: RHB Ray Llewellyn
|
0-0: Ball 1-0: Foul Ball, location: 2F 1-1: Foul Ball, location: 2F 1-2: TRIPLE (Line Drive, 78XD, EV 100.6 MPH)
|
|
Batting: RHB John Chiesa
|
0-0: Ball 1-0: Called Strike 1-1: Called Strike 1-2: Ground out 5-3 (Groundball, 56, EV 91.2 MPH) Ray Llewellyn scores
|
|
Batting: LHB Tim Fuller
|
0-0: Ball 1-0: Ball 2-0: Foul Ball, location: 2F 2-1: Swinging Strike 2-2: Strikes out looking
|
|
Batting: RHB Alois Wollf
|
0-0: Swinging Strike 0-1: Foul Ball, location: 2F 0-2: Ball 1-2: Ball 2-2: Ball 3-2: Foul Ball, location: 2F 3-2: Strikes out swinging
|
| Top of the 3rd over - 1 run, 1 hit, 0 errors, 0 left on base; Boston 1 - Texas 0 |
| BOTTOM OF THE 3RD |
|
Texas Rangers batting - Pitching for Boston Red Sox : RHP J.J. Dean
|
|
Batting: RHB Josh Ferguson
|
0-0: Ground out U3 (Groundball, 34, EV 86.2 MPH)
|
|
Batting: LHB Sean Geisler
|
0-0: Swinging Strike 0-1: Foul Ball, location: 2F 0-2: Ball 1-2: Ball 2-2: Ball 3-2: Base on Balls
|
|
Batting: RHB Butch Kaiser
|
0-0: Called Strike Sean Geisler is caught stealing 2nd base 2-4 0-1: Fly out, F8 (Flyball, 8LD, EV 88.1 MPH)
|
| Bottom of the 3rd over - 0 runs, 0 hits, 0 errors, 0 left on base; Boston 1 - Texas 0 |
| TOP OF THE 4TH |
|
Boston Red Sox batting - Pitching for Texas Rangers : RHP Kevin Ovens-Toots
|
|
Batting: LHB Kevin McCormic Jr.
|
0-0: Swinging Strike 0-1: Ball 1-1: Swinging Strike 1-2: Ball 2-2: Ball 3-2: Foul Ball, location: 2F 3-2: SINGLE (Line Drive, 56, EV 96.2 MPH)
|
|
Batting: LHB Sakae Kasahara
|
0-0: Ball 1-0: DOUBLE (Flyball, 8LXD, EV 108.8 MPH) Kevin McCormic Jr. to third
|
|
Batting: LHB Jarrett Mordecai
|
0-0: Ball 1-0: Ground out 4-3 (Groundball, 4, EV 81.2 MPH) Kevin McCormic Jr. scores Sakae Kasahara to third
|
|
Batting: RHB Elijah Campbell
|
0-0: Ball 1-0: Ground out 1-3 (Groundball, 15S, EV 73.1 MPH)
|
|
Batting: RHB Jose Diaz
|
0-0: Ball 1-0: Ball 2-0: Swinging Strike 2-1: Called Strike 2-2: Strikes out swinging
|
| Top of the 4th over - 1 run, 2 hits, 0 errors, 1 left on base; Boston 2 - Texas 0 |
| BOTTOM OF THE 4TH |
|
Texas Rangers batting - Pitching for Boston Red Sox : RHP J.J. Dean
|
|
Batting: SHB John Giesbrecht
|
0-0: SOLO HOME RUN (Flyball, 9LD, EV 95.6 MPH), Distance : 353 ft
|
|
Batting: SHB Vince Ealy
|
0-0: Ball 1-0: Fly out, F9 (Flyball, 9D, EV 90.6 MPH)
|
|
Batting: RHB Marc Peckermark
|
0-0: Ball 1-0: Swinging Strike 1-1: Ball 2-1: Ground out 4-3 (Groundball, 4M, EV 85.6 MPH)
|
|
Batting: SHB Rich Chavez
|
0-0: Ball 1-0: Fly out, F6 (Line Drive, 6M, EV 68.1 MPH)
|
| Bottom of the 4th over - 1 run, 1 hit, 0 errors, 0 left on base; Boston 2 - Texas 1 |
| TOP OF THE 5TH |
|
Boston Red Sox batting - Pitching for Texas Rangers : RHP Kevin Ovens-Toots
|
|
Now at 1B: John Michener
|
|
|
Now in CF: Martin Guerrero
|
|
|
Batting: RHB Ray Llewellyn
|
0-0: Ball 1-0: Swinging Strike 1-1: Ball 2-1: SOLO HOME RUN (Line Drive, 89XD, EV 115.6 MPH), Distance : 420 ft
|
|
Batting: RHB John Chiesa
|
0-0: Ball 1-0: Called Strike 1-1: Called Strike 1-2: Foul Ball, location: 2F 1-2: Ball 2-2: Foul Ball, location: 2F 2-2: Ground out U3 (Groundball, 3, EV 85.6 MPH)
|
|
Batting: LHB Tim Fuller
|
0-0: Ball 1-0: Called Strike 1-1: Ball 2-1: Ground out 4-3 (Groundball, 4, EV 91.2 MPH)
|
|
Pinch Hitting: SHB Willie Koviak
|
0-0: Foul Ball, location: 2F 0-1: Swinging Strike 0-2: Foul Ball, location: 2F 0-2: Strikes out swinging, 2-3 out at first.
|
| Top of the 5th over - 1 run, 1 hit, 0 errors, 0 left on base; Boston 3 - Texas 1 |
| BOTTOM OF THE 5TH |
|
Texas Rangers batting - Pitching for Boston Red Sox : RHP J.J. Dean
|
|
Now at 1B: Ben Ervin
|
|
|
Now at 2B: Joe Sandoval
|
|
|
Now at SS: Willie Koviak
|
|
|
Batting: RHB Zhao-ji Chi
|
0-0: Ball 1-0: Swinging Strike 1-1: Ball 2-1: Swinging Strike 2-2: Foul Ball, location: 2F 2-2: Foul Ball, location: 2F 2-2: Strikes out swinging
|
|
Batting: RHB Adryão Anto
|
0-0: Called Strike 0-1: Ball 1-1: Foul Ball, location: 2F 1-2: Ball 2-2: Strikes out looking
|
|
Batting: RHB Josh Ferguson
|
0-0: Ball 1-0: DOUBLE (Line Drive, 9LM, EV 104.4 MPH)
|
|
Batting: RHB John Michener
|
0-0: Called Strike 0-1: SINGLE (Line Drive, 34D, EV 101.9 MPH) Josh Ferguson to third
|
|
Batting: RHB Butch Kaiser
|
0-0: Swinging Strike 0-1: Called Strike 0-2: Ball 1-2: Foul Ball, location: 2F 1-2: Strikes out swinging
|
| Bottom of the 5th over - 0 runs, 2 hits, 0 errors, 2 left on base; Boston 3 - Texas 1 |
| TOP OF THE 6TH |
|
Boston Red Sox batting - Pitching for Texas Rangers : RHP Kevin Ovens-Toots
|
|
Pitching: RHP Gavin Nelson
|
|
|
Now at 2B: Noah Stanley
|
|
|
Now at 3B: Luis Arce
|
|
|
Batting: LHB Kevin McCormic Jr.
|
0-0: Ball 1-0: Called Strike 1-1: SINGLE (Groundball, 34D, EV 98.1 MPH)
|
|
Batting: SHB Marvin Lawrence
|
0-0: Called Strike 0-1: Called Strike 0-2: Foul Ball, location: 2F 0-2: Strikes out swinging
|
|
Batting: SHB Ben Ervin
|
0-0: Swinging Strike 0-1: Ball 1-1: Swinging Strike 1-2: Strikes out swinging
|
|
Pinch Hitting: RHB David Price Jr.
|
0-0: Called Strike 0-1: Ball 1-1: Called Strike 1-2: SINGLE (Flyball, 7S, EV 92.5 MPH) Kevin McCormic Jr. to second
|
|
Pinch Hitting: RHB Dave Burwell
|
0-0: Ball 1-0: Ball 2-0: 3-RUN HOME RUN (Flyball, 7D, EV 96.9 MPH), Distance : 399 ft
|
|
Pitching: LHP John McRight
|
|
|
Batting: RHB Ray Llewellyn
|
0-0: Called Strike 0-1: Ball 1-1: Foul Ball, location: 2F 1-2: Ball 2-2: Ball 3-2: Foul Ball, location: 2F 3-2: Foul Ball, location: 2F 3-2: Foul Ball, location: 2F 3-2: Foul Ball, location: 2F 3-2: Ground out 6-3 (Groundball, P, EV 78.1 MPH)
|
| Top of the 6th over - 3 runs, 3 hits, 0 errors, 0 left on base; Boston 6 - Texas 1 |
| BOTTOM OF THE 6TH |
|
Texas Rangers batting - Pitching for Boston Red Sox : RHP J.J. Dean
|
|
Pitching: RHP Justin Stinson
|
|
|
Now at 3B: David Price Jr.
|
|
|
Now in LF: Zack Guillen
|
|
|
Now in RF: Dave Burwell
|
|
|
Batting: RHB Noah Stanley
|
0-0: Ground out 3-1 (Groundball, 34, EV 82.5 MPH)
|
|
Pinch Hitting: RHB Jarrod Joyce
|
0-0: Called Strike 0-1: Swinging Strike 0-2: Strikes out looking
|
|
Pinch Hitting: SHB Pat Wilson
|
0-0: Called Strike 0-1: Foul Ball, location: 2F 0-2: Ball 1-2: Strikes out looking
|
| Bottom of the 6th over - 0 runs, 0 hits, 0 errors, 0 left on base; Boston 6 - Texas 1 |
| TOP OF THE 7TH |
|
Boston Red Sox batting - Pitching for Texas Rangers : LHP John McRight
|
|
Pitching: RHP Nick Ehrlich
|
|
|
Now at SS: Jarrod Joyce
|
|
|
Now in LF: Pat Wilson
|
|
|
Now in CF: Zhao-ji Chi
|
|
|
Pinch Hitting: RHB Nick Esteves
|
0-0: Foul Ball, location: 2F 0-1: Foul Ball, location: 2F 0-2: Ground out 5-3 (Groundball, 56, EV 82.5 MPH)
|
|
Batting: RHB Joe Sandoval
|
0-0: Called Strike 0-1: Ball 1-1: Ball 2-1: SINGLE (Groundball, 56, EV 103.1 MPH)
|
|
Batting: SHB Willie Koviak
|
0-0: Grounds into double play, 6-4-3 (Groundball, 6, EV 81.9 MPH)
|
| Top of the 7th over - 0 runs, 1 hit, 0 errors, 0 left on base; Boston 6 - Texas 1 |
| BOTTOM OF THE 7TH |
|
Texas Rangers batting - Pitching for Boston Red Sox : RHP Justin Stinson
|
|
Now in CF: Nick Esteves
|
|
|
Batting: RHB Luis Arce
|
0-0: Ball 1-0: Ground out 6-3 (Groundball, 56, EV 103.1 MPH)
|
|
Pinch Hitting: RHB Blake Ballard
|
0-0: Ball 1-0: Called Strike 1-1: Foul Ball, location: 2F 1-2: Ball 2-2: Strikes out swinging
|
|
Batting: RHB Adryão Anto
|
0-0: Foul Ball, location: 2F 0-1: Called Strike 0-2: Ground out 4-3 (Groundball, 4, EV 86.9 MPH)
|
| Bottom of the 7th over - 0 runs, 0 hits, 0 errors, 0 left on base; Boston 6 - Texas 1 |
| TOP OF THE 8TH |
|
Boston Red Sox batting - Pitching for Texas Rangers : RHP Nick Ehrlich
|
|
Now in CF: Adryão Anto
|
|
|
Now in RF: Blake Ballard
|
|
|
Batting: LHB Zack Guillen
|
0-0: SOLO HOME RUN (Flyball, 9D, EV 96.9 MPH), Distance : 376 ft
|
|
Batting: SHB Marvin Lawrence
|
0-0: Called Strike 0-1: Foul Ball, location: 2F 0-2: Hit by Pitch
|
|
Batting: SHB Ben Ervin
|
0-0: Ball 1-0: Called Strike 1-1: SINGLE (Line Drive, 9S, EV 89.4 MPH) Marvin Lawrence to second
|
|
Batting: RHB David Price Jr.
|
0-0: Ball 1-0: Ball 2-0: Ball 3-0: SINGLE (Groundball, 6MD, EV 101.9 MPH) Marvin Lawrence to third Ben Ervin to second
|
|
Batting: RHB Dave Burwell
|
0-0: Swinging Strike 0-1: Ball 1-1: Foul Ball, location: 2F 1-2: Fielders Choice at 2nd, 3-6 (Groundball, 34S, EV 76.9 MPH) Marvin Lawrence scores Ben Ervin to third
|
|
Batting: RHB Ray Llewellyn
|
0-0: Called Strike 0-1: Foul Ball, location: 2F 0-2: Foul Ball, location: 2F 0-2: Ball 1-2: Foul Ball, location: 2F 1-2: Hit by Pitch Dave Burwell to second
|
|
Batting: RHB Nick Esteves
|
0-0: Ball 1-0: Ball 2-0: Ball 3-0: Base on Balls Ben Ervin scores Dave Burwell to third Ray Llewellyn to second
|
|
Pitching: RHP Aaron Munt
|
|
|
Batting: RHB Joe Sandoval
|
0-0: Called Strike 0-1: Foul Ball, location: 2F 0-2: Grounds into double play, 5-4-3 (Groundball, 56, EV 105.0 MPH)
|
| Top of the 8th over - 3 runs, 3 hits, 0 errors, 2 left on base; Boston 9 - Texas 1 |
| BOTTOM OF THE 8TH |
|
Texas Rangers batting - Pitching for Boston Red Sox : RHP Justin Stinson
|
|
Pitching: RHP Jim Whiteman
|
|
|
Batting: RHB Josh Ferguson
|
0-0: Ball 1-0: Foul Ball, location: 2F 1-1: Ball 2-1: Foul Ball, location: 2F 2-2: Foul Ball, location: 2F 2-2: Foul Ball, location: 2F 2-2: DOUBLE (Flyball, 7LM, EV 105.6 MPH)
|
|
Pinch Hitting: SHB Tony Prado
|
0-0: Ball 1-0: Called Strike 1-1: Foul Ball, location: 2F 1-2: Ball 2-2: Ball 3-2: Fly out, F9 (Flyball, 9D, EV 91.2 MPH) Runner from 2nd tags up, SAFE at 3rd, no throw by RF
|
|
Batting: RHB Troy Trice
|
0-0: Fly out, F9 (Line Drive, 9D, EV 103.8 MPH) Runner from 3rd tags up, SCORES, no throw by RF
|
|
Batting: RHB Noah Stanley
|
0-0: Ball 1-0: Ball 2-0: Foul Ball, location: 2F 2-1: Fly out, F3 (Line Drive, 3, EV 70.6 MPH)
|
| Bottom of the 8th over - 1 run, 1 hit, 0 errors, 0 left on base; Boston 9 - Texas 2 |
| TOP OF THE 9TH |
|
Boston Red Sox batting - Pitching for Texas Rangers : RHP Aaron Munt
|
|
Now at 1B: Josh Stuck
|
|
|
Pinch Hitting: RHB Mike McElroy
|
0-0: Called Strike 0-1: Foul Ball, location: 2F 0-2: Foul Ball, location: 2F 0-2: Fly out, F7 (Flyball, 78S, EV 82.5 MPH)
|
|
Batting: LHB Zack Guillen
|
0-0: Ball 1-0: Swinging Strike 1-1: Ball 2-1: Swinging Strike 2-2: Fly out, F9 (Flyball, 9S, EV 84.4 MPH)
|
|
Batting: SHB Greg Shaw
|
0-0: Fly out, F2 (Popup, 5SF, EV 79.4 MPH)
|
| Top of the 9th over - 0 runs, 0 hits, 0 errors, 0 left on base; Boston 9 - Texas 2 |
| BOTTOM OF THE 9TH |
|
Texas Rangers batting - Pitching for Boston Red Sox : RHP Jim Whiteman
|
|
Pitching: RHP Andy Garvin
|
|
|
Now at 2B: Mike McElroy
|
|
|
Now at SS: Joe Sandoval
|
|
|
Batting: RHB Jarrod Joyce
|
0-0: Ball 1-0: Ball 2-0: Ball 3-0: Called Strike 3-1: Base on Balls
|
|
Batting: SHB Pat Wilson
|
0-0: Ball 1-0: Foul Ball, location: 2F 1-1: Called Strike 1-2: Strikes out swinging
|
|
Batting: RHB Luis Arce
|
0-0: Fly out, F8 (Line Drive, 8LS, EV 95.0 MPH)
|
|
Batting: RHB Blake Ballard
|
0-0: Ball 1-0: Called Strike 1-1: Called Strike 1-2: Foul Ball, location: 2F 1-2: Ball 2-2: SINGLE (Line Drive, 89S, EV 101.2 MPH) Jarrod Joyce to second
|
|
Batting: RHB Adryão Anto
|
0-0: Called Strike 0-1: Ball 1-1: Ball 2-1: Foul Ball, location: 2F 2-2: Foul Ball, location: 2F 2-2: Strikes out swinging
|
| Bottom of the 9th over - 0 runs, 1 hit, 0 errors, 2 left on base; Boston 9 - Texas 2 |
|